 Dungeon Crawl Stone Soup version 0.24.1 (webtiles) character file.

Game seed: 9084311244247696524, levelgen mode: deterministic

50704 wolchul the Jinx (level 14, -1/66 HPs)
             Began as a Felid Venom Mage on Mar 30, 2020.
             Was the Champion of Fedhas.
             Succumbed to a sea snake's poison
             ... on level 1 of the Shoals on Mar 31, 2020.
             The game lasted 03:09:30 (44151 turns).

wolchul the Jinx (Felid Venom Mage)                Turns: 44151, Time: 03:09:30

Health: -1/66      AC:  6    Str:  4    XL:     14   Next: 20%
Magic:  2/29       EV: 26    Int: 17    God:    Fedhas [******]
Gold:   1297       SH:  0    Dex: 21    Spells: 4/33 levels left
                                        Lives:  0   Deaths: 3

rFire    . . .     SeeInvis +     - Unarmed
rCold    + . .     Gourm    .   (shield unavailable)
rNeg     . . .     Faith    .   (armour unavailable)
rPois    .         Spirit   +   (helmet unavailable)
rElec    .         Reflect  .   (cloak unavailable)
rCorr    .         Harm     .   (gloves unavailable)
MR       ++...                  (boots unavailable)
Stlth    +++++++++.             m - amulet of guardian spirit
HPRegen  0.21/turn              y - ring of Shadows {Umbra +Inv Stlth+}
MPRegen  0.21/turn              K - +3 ring of protection

@: lethally poisoned (-1 -> -27), wreathed by umbra, quick
A: very small, no armour, no weapons or thrown items, stealth, claws 1, fangs 3,
camouflage 1, see invisible, carnivore, speed 1, sense surroundings 1, shaggy
fur 3, slow metabolism 1, subdued magic 1, sharp paws
a: Wall of Briars, Grow Ballistomycete, Overgrow, Grow Oklob, Renounce Religion,
Evoke Invisibility


You were on level 1 of the Shoals.
You worshipped Fedhas.
Fedhas was exalted by your worship.
You were full.

You visited 5 branches of the dungeon, and saw 27 of its levels.
You visited 1 bazaar.

You collected 2491 gold pieces.
You spent 1194 gold pieces at shops.

Inventory:

Jewellery
 d - an uncursed ring of resist corrosion
 f - an uncursed ring of protection from cold
 m - an amulet of guardian spirit (around neck)
 t - an uncursed ring of positive energy
 y - the ring of Shadows (left paw) {Umbra +Inv Stlth+}
   (You bought it in a shop in a bazaar)

   [ring of stealth]

   It lets you turn invisible.
   It makes you more stealthy.
 z - the ring of Ecaoh {+Inv rElec rF- rN+ EV+2}
   (You found it on level 11 of the Dungeon)

   [ring of evasion]

   It affects your evasion (+2).
   It makes you vulnerable to fire.
   It insulates you from electricity.
   It protects you from negative energy.
   It lets you turn invisible.
 K - a +3 ring of protection (right paw)
 N - an uncursed amulet of the acrobat
Wands
 g - a wand of digging (7)
 q - a wand of iceblast (15)
 A - a wand of acid (14)
 D - a wand of polymorph (15)
 L - a wand of paralysis (8)
Scrolls
 a - 3 scrolls of fear
 c - 6 scrolls of teleportation
 e - a scroll of vulnerability
 j - 4 scrolls of amnesia
 l - 2 scrolls of blinking
 n - 9 scrolls of remove curse
 o - 8 scrolls of identify
 p - 5 scrolls of immolation
 r - 5 scrolls of fog
 v - a scroll of holy word
 B - 2 scrolls of magic mapping
Potions
 h - a potion of heal wounds
 k - 3 potions of resistance
 s - 4 potions of might
 w - 3 potions of invisibility
 x - 8 potions of curing
 C - 2 potions of agility
 E - 2 potions of haste
 G - 4 potions of ambrosia
 H - 5 potions of lignification
 I - 3 potions of flight
 J - 2 potions of cancellation
 M - a potion of magic
 O - 5 potions of brilliance
Miscellaneous
 u - 2 sacks of spiders
Comestibles
 b - 55 rations


   Skills:
 * Level 10.6 Fighting
 + Level 9.2 Dodging
 - Level 9.0 Stealth
 + Level 10.4 Unarmed Combat
 - Level 10.0 Spellcasting
 * Level 6.3 Conjurations
 - Level 11.2 Hexes
 - Level 7.2 Charms
 - Level 5.0 Necromancy
 - Level 6.0 Translocations
 - Level 4.0 Ice Magic
 - Level 4.3 Air Magic
 - Level 8.0 Poison Magic
 * Level 11.2 Invocations
 - Level 6.0 Evocations


You had 4 spell levels left.
You knew the following spells:

 Your Spells              Type           Power        Failure   Level  Hunger
a - Fulminant Prism       Conj/Hex       ####......   1%          4    ###....
b - Poisonous Vapours     Pois/Air       ###...       1%          2    None
c - Regeneration          Chrm/Necr      ###.......   1%          3    None
d - Olgreb's Toxic Radia  Pois           ####....     2%          4    ###....
e - Blink                 Tloc           N/A          1%          2    None
f - Shroud of Golubria    Chrm/Tloc      ###...       1%          2    None
g - Ensorcelled Hibernat  Hex/Ice        ####..       1%          2    None
h - Confuse               Hex            #####...     1%          3    None
i - Passage of Golubria   Tloc           N/A          5%          4    ###....
j - Ozocubu's Armour      Chrm/Ice       ###.....     1%          3    None

Your spell library contained the following spells:

 Spells                   Type           Power        Failure   Level  Hunger
 Animate Skeleton         Necr           N/A          1%          1    None
 Corona                   Hex            #####..      1%          1    None
 Freeze                   Ice            ###.         1%          1    None
 Magic Dart               Conj           ###.         1%          1    None
 Pain                     Necr           ###.         1%          1    None
 Shock                    Conj/Air       ###.         1%          1    None
 Sting                    Conj/Pois      ####         1%          1    None
 Searing Ray              Conj           ###...       1%          2    None
 Swiftness                Chrm/Air       ###.....     1%          2    None
 Throw Frost              Conj/Ice       ###...       1%          2    None
 Dazzling Spray           Conj/Hex       ####..       1%          3    None
 Gell's Gravitas          Tloc           ###.......   1%          3    None
 Lesser Beckoning         Tloc           ###.......   1%          3    None
 Mephitic Cloud           Conj/Pois/Air  ###.....     1%          3    None
 Teleport Other           Tloc           ###.....     1%          3    None
 Tukima's Dance           Hex            #####...     1%          3    None
 Cause Fear               Hex            #####.....   1%          4    ###....
 Static Discharge         Conj/Air       ###.....     2%          3    None
 Vampiric Draining        Necr           ###.......   2%          3    None
 Iskenderun's Mystic Bla  Conj           ###.....     4%          4    ###....
 Force Lance              Conj/Tloc      ###.....     5%          4    ###....
 Throw Icicle             Conj/Ice       ###.....     8%          4    ###....
 Animate Dead             Necr           N/A          9%          4    ###....
 Airstrike                Air            ###.......   12%         4    ###....
 Summon Ice Beast         Ice/Summ       ##......     32%         4    ###....
 Silence                  Hex/Air        ####......   8%          5    #####..
 Venom Bolt               Conj/Pois      ####......   10%         5    #####..
 Yara's Violent Unravell  Hex/Tmut       ###.......   21%         5    #####..
 Lightning Bolt           Conj/Air       ###.......   22%         5    #####..
 Deflect Missiles         Chrm/Air       ###.......   73%         6    ######.
 Discord                  Hex            #####.....   99%         8    #######


Dungeon Overview and Level Annotations

Branches:
Dungeon (15/15)            Temple (0/1) D:5            Lair (6/6) D:10
 Shoals (1/4) Lair:4        Snake (3/4) Lair:2        Slime (0/5) Lair:5
    Orc (2/2) D:9             Elf (0/3) Orc:2        Vaults (0/5) D:13
 Depths (0/5) D:15

Altars:
Cheibriados
Elyvilon
Fedhas
Hepliaklqana
Kikubaaqudgha
Makhleb
Qazlal
Sif Muna
Jiyva

Shops:
D:13 [   Orc:2 **}?   Snake:2 **!   Snake:3 =

Annotations:
D:7 exclusion: hungry ghost
D:8 exclusion: 2 downstairs
D:9 exclusion: downstairs
D:11 exclusion: door
D:12 Kirke
D:13 exclusion: upstairs
Lair:2 exclusion: door
Lair:5 exclusions: 2 downstairs and upstairs
Snake:1 exclusion: downstairs
Snake:2 exclusion: 2 downstairs
Snake:3 Aizul


Innate Abilities, Weirdness & Mutations

You cannot wear armour.
You are incapable of wielding weapons or throwing items.
Your paws allow you to move quietly. (Stealth)
You have sharp claws.
You have razor-sharp teeth.
You have supernaturally acute eyesight. (SInv)
You are carnivorous and can eat meat at any time.
You cover ground quickly.
Your thick and shaggy fur keeps you warm. (AC +3, rC+)
You have a slow metabolism.
Your sharp claws are effective at attacking unaware monsters.
Your skin changes colour to match your surroundings (Stealth+).
You passively map a small area around you.
Your spells are a little easier to cast, but a little less powerful.


Message History

You scratch the sea snake but do no damage.
The sea snake is heavily wounded.
You feel very sick.
The wind drake exhales a fierce blast of wind!
You are blown backwards!
The sea snake is blown away by the wind.
You feel very sick.
You feel very sick.
* * * LOW HITPOINT WARNING * * *
You feel very sick. The wind drake flaps its wings at you.
The air twists around and strikes you!
* * * LOW HITPOINT WARNING * * *
* * * LOW HITPOINT WARNING * * *
You feel very sick. The wind drake flaps its wings at you.
The air twists around and strikes you.
* * * LOW HITPOINT WARNING * * *
You die...
Fedhas appreciates your contribution to the ecosystem.

........≈..≈≈≈≈≈≈≈≈≈≈≈≈≈≈≈≈≈≈≈≈≈≈
#........≈..≈≈≈≈≈≈≈≈≈≈≈≈≈.≈≈≈≈≈≈≈
##...##.....≈≈≈≈≈≈≈≈≈≈.....≈≈≈≈≈≈
...≈.###.≈≈≈≈≈≈≈...≈≈..##..≈≈≈≈≈≈
.....##...≈≈≈≈≈≈.......###.≈≈≈≈≈≈
≈....###.≈≈≈≈≈≈.......###..≈≈≈≈≈≈
≈≈≈≈≈≈.......≈..##....###..≈≈≈≈≈≈
....≈>..≈≈...≈≈.##.......#.≈≈≈≈≈≈
.......≈≈≈≈≈≈≈≈≈@..≈........≈≈≈≈≈
###.≈...≈≈≈≈≈≈≈≈≈≈≈≈≈..≈≈≈≈≈≈≈≈≈≈
# #..≈≈≈≈≈≈≈≈≈≈≈≈≈≈≈≈..≈≈≈≈≈≈≈≈≈≈
#..≈≈≈≈≈≈≈≈≈≈≈≈≈≈≈≈≈≈≈≈≈≈≈≈≈≈≈≈
.≈≈≈≈≈≈≈≈≈≈≈≈≈≈≈≈≈≈≈≈≈≈≈≈≈≈≈≈≈ ≈
≈≈≈≈≈≈≈≈≈≈≈≈≈≈≈≈≈≈≈≈≈≈≈≈≈≈≈≈≈
≈≈≈≈≈≈S≈≈≈≈≈≈≈≈≈≈≈≈≈≈≈≈
≈≈≈≈≈≈≈k≈≈≈≈≈≈≈≈≈≈≈≈≈
≈≈≈≈≈≈≈≈≈≈≈≈≈≈≈≈≈≈≈≈≈


You could see a sea snake (confused) and a wind drake.

Vanquished Creatures
  Agnes (Snake:1)
  Donald (Snake:3)
  A dire elephant (D:15)
  An ettin (Orc:1)
  A naga warrior (Snake:3)
  2 centaur warriors
  6 hydras
  Erica (D:8)
  3 anacondas
  A merfolk aquamancer (Shoals:1)
  20 two-headed ogres
  5 ogre magi
  3 death yaks
  A tengu warrior (D:14)
  A shock serpent (Snake:1)
  Sonja (D:13)
  Nergalle (Orc:1)
  A salamander mystic (Snake:2)
  2 unseen horrors
  A lindwurm (Lair:6)
  An orc knight (Orc:1)
  6 sea snakes
  7 cyclopes
  3 wolf spiders
  2 mana vipers (Snake:2)
  3 orc sorcerers
  A wolf spider zombie (D:11)
  9 ugly things
  2 salamanders
  3 manticores
  Maurice (D:8)
  5 naga magi
  5 elephants (Lair:5)
  22 black mambas
  Psyche (D:11)
  5 spiny frogs
  2 guardian serpents
  A torpor snail (Lair:6)
  4 gargoyles
  3 komodo dragons
  A kobold demonologist (D:15)
  A tengu conjurer (D:14)
  A troll (D:15)
  3 merfolk (Shoals:1)
  5 blink frogs (Lair:5)
  7 dream sheep
  3 hornets
  Prince Ribbit (D:5)
  6 hippogriffs
  10 slime creatures
  3 redbacks
  3 shadows
  2 wraiths
  2 spriggans
  40 yaks
  4 water elementals (Shoals:1)
  2 basilisks
  A hog (shapeshifter) (D:15)
  10 wyverns
  3 hungry ghosts
  4 hogs
  Grum (D:8)
  6 vampire mosquitoes
  11 nagas
  A soldier ant (D:15)
  20 water moccasins
  Duvessa (D:5)
  14 ice beasts
  8 orc warriors
  4 porcupines
  9 sky beasts
  2 necrophages
  3 phantoms
  37 ogres
  9 centaurs
  21 wolves
  6 crocodiles
  2 big kobolds (D:12)
  A gnoll sergeant (D:13)
  A wyvern zombie (D:9)
  22 bullfrogs
  Dowan (D:5)
  5 scorpions
  11 killer bees
  2 troll zombies (D:9)
  8 wights
  5 electric eels
  A howler monkey (D:5)
  A jelly (D:4)
  3 centaur zombies
  2 crimson imps
  5 bullfrog zombies
  3 human zombies (D:15)
  7 orc priests
  6 hounds
  20 orc wizards
  3 bullfrog skeletons
  7 centaur skeletons
  A human skeleton (D:15)
  14 worker ants
  Natasha (thrice) (D:3)
  5 iguanas
  5 ogre zombies
  2 mummies (D:15)
  A hound skeleton (D:8)
  A howler monkey skeleton (D:10)
  5 gnolls (D:13)
  23 adders
  3 shadow imps
  An ooze (D:3)
  An adder zombie (D:8)
  An adder skeleton (D:4)
  A worm (D:5)
  3 dart slugs
  4 leopard geckos
  52 orcs
  5 giant cockroaches
  7 hobgoblins
  22 jackals
  4 quokkas
  A ball python skeleton (D:5)
  6 bats
  5 frilled lizards
  9 goblins
  A goblin skeleton (D:9)
  A goblin zombie (D:9)
  3 hobgoblin skeletons (D:9)
  2 hobgoblin zombies (D:9)
  6 kobolds
  A leopard gecko skeleton (D:7)
  2 orc skeletons (D:9)
  10 orc zombies
  5 rats
  2 ballistomycete spores (Lair:6)
  A fulminant prism (Lair:6)
  A fungus (Lair:6)
741 creatures vanquished.

Vanquished Creatures (collateral kills)
  66 ballistomycete spores
66 creatures vanquished.

Vanquished Creatures (others)
  A hippogriff (Lair:2)
  2 ballistomycete spores (Lair:6)
  2 bushes (Lair:6)
  52 fulminant prisms
  35 fungi
  57 plants
149 creatures vanquished.

Grand Total: 956 creatures vanquished

Notes
Turn   | Place    | Note
-------+----------+-------------------------------------------
     0 | D:1      | wolchul the Felid Venom Mage began the quest for the Orb.
     0 | D:1      | Reached XP level 1. HP: 7/7 MP: 4/4
   463 | D:1      | Reached XP level 2. HP: 5/11 MP: 3/6
   684 | D:1      | Learned a level 2 spell: Poisonous Vapours
   925 | D:1      | Reached skill level 1 in Unarmed Combat
  1820 | D:2      | Reached XP level 3. HP: 14/14 MP: 7/7
  2464 | D:2      | Found a hazy altar of Hepliaklqana.
  2605 | D:2      | Reached XP level 4. HP: 18/18 MP: 8/8
  2620 | D:2      | Found a faded altar of an unknown god.
  2717 | D:2      | Found a white marble altar of Elyvilon.
  3295 | D:3      | Reached skill level 1 in Fighting
  3372 | D:3      | Noticed Natasha
  3393 | D:3      | Killed Natasha
  3393 | D:3      | Reached XP level 5. HP: 22/22 MP: 2/9
  3394 | D:3      | Noticed Natasha
  3401 | D:3      | Killed Natasha
  3563 | D:3      | Noticed Natasha
  3571 | D:3      | Reached skill level 1 in Air Magic
  3630 | D:3      | Killed Natasha
  3863 | D:3      | Gained mutation: You are covered in thick fur. (AC +2)
                  | [Felid growth]
  3863 | D:3      | Reached XP level 6. HP: 18/26 MP: 2/11
  4615 | D:4      | Found a blossoming altar of Fedhas.
  4664 | D:4      | Became a worshipper of Fedhas Madash
  4790 | D:4      | Noticed a water moccasin
  4998 | D:4      | Reached XP level 7. HP: 20/30 MP: 3/12
  5321 | D:4      | Learned a level 3 spell: Regeneration
  5710 | D:5      | Entered Level 5 of the Dungeon
  5945 | D:5      | Found a staircase to the Ecumenical Temple.
  5950 | D:5      | Noticed Prince Ribbit
  6329 | D:5      | Killed Prince Ribbit
  6329 | D:5      | Reached XP level 8. HP: 8/34 MP: 2/14
  6658 | D:5      | Reached * piety under Fedhas
  6756 | D:5      | Learned a level 4 spell: Olgreb's Toxic Radiance
  7241 | D:5      | Reached skill level 5 in Dodging
  7346 | D:5      | Reached skill level 5 in Unarmed Combat
  7398 | D:5      | Noticed Duvessa
  7398 | D:5      | Noticed Dowan
  7409 | D:5      | Killed Dowan
  7411 | D:5      | Killed Duvessa
  8301 | D:6      | Found a large runed translucent door.
  8301 | D:6      | Found a large runed translucent door.
  8560 | D:6      | Noticed a cyan ugly thing
  8561 | D:6      | Noticed a cyclops
  8567 | D:6      | Found a large runed translucent door.
  8567 | D:6      | Found a large runed translucent door.
  8649 | D:6      | Learned a level 2 spell: Blink
  8704 | D:6      | Learned a level 2 spell: Shroud of Golubria
  8802 | D:6      | HP: 2/54 [poisoned by an orc wizard]
  9175 | D:6      | Reached skill level 1 in Translocations
  9175 | D:6      | Reached XP level 9. HP: 39/39 MP: 8/16
  9472 | D:6      | Reached skill level 5 in Poison Magic
  9727 | D:6      | Reached ** piety under Fedhas
  9727 | D:6      | Reached skill level 1 in Evocations
  9851 | D:6      | Reached skill level 5 in Spellcasting
 10069 | D:6      | Killed a cyan ugly thing
 10069 | D:6      | Reached skill level 1 in Charms
 10069 | D:6      | Reached skill level 1 in Invocations
 10108 | D:6      | Got a scorched garnet amulet
 10121 | D:6      | Identified the amulet "Zimamoul" {Inacc MR- Str+3 Dex+8}
                  | (You found it on level 6 of the Dungeon)
 10795 | D:7      | Found a shimmering blue altar of Sif Muna.
 11180 | D:8      | Reached skill level 5 in Fighting
 11320 | D:8      | Reached XP level 10. HP: 44/44 MP: 19/19
 11362 | D:8      | Reached *** piety under Fedhas
 11645 | D:8      | Noticed Erica
 11675 | D:8      | Noticed Grum
 11685 | D:8      | Killed Erica
 11685 | D:8      | Reached skill level 1 in Necromancy
 12537 | D:8      | Killed Grum
 12537 | D:8      | Reached skill level 5 in Invocations
 12644 | D:8      | Noticed Maurice
 12658 | D:8      | Killed Maurice
 13299 | D:8      | Learned a level 2 spell: Ensorcelled Hibernation
 13351 | D:9      | Found an ancient bone altar of Kikubaaqudgha.
 13438 | D:9      | Reached skill level 1 in Hexes
 13639 | D:9      | Reached skill level 1 in Ice Magic
 13807 | D:9      | Found a staircase to the Orcish Mines.
 13808 | D:9      | Noticed a two-headed ogre
 13835 | D:9      | Killed a two-headed ogre
 14057 | D:8      | Reached XP level 11. HP: 23/48 MP: 21/21
 14386 | D:9      | Found a burning altar of Makhleb.
 14386 | D:9      | Noticed a cacodemon
 14426 | D:9      | Learned a level 3 spell: Confuse
 14803 | D:10     | Entered Level 10 of the Dungeon
 14877 | D:9      | Reached **** piety under Fedhas
 15025 | D:9      | Found a stormy altar of Qazlal.
 16036 | D:10     | Reached skill level 5 in Hexes
 16193 | D:10     | Found a staircase to the Lair.
 16275 | D:10     | Noticed a brown ugly thing
 16293 | D:10     | Killed a brown ugly thing
 17479 | D:11     | Noticed Psyche
 17506 | D:11     | Killed Psyche
 17838 | D:11     | Noticed a two-headed ogre
 17852 | D:11     | Killed a two-headed ogre
 17938 | D:11     | Got a scintillating brass ring
 18115 | D:11     | Identified the ring of Ecaoh {+Inv rElec rF- rN+ EV+2} (You
                  | found it on level 11 of the Dungeon)
 18348 | D:11     | Noticed an unseen horror
 18353 | D:11     | Killed an unseen horror
 19268 | D:12     | Noticed a cyan ugly thing
 19294 | D:11     | Killed a cyan ugly thing
 19528 | D:12     | Reached skill level 5 in Charms
 19627 | D:12     | Reached ***** piety under Fedhas
 19667 | D:12     | Gained mutation: Your thick and shaggy fur keeps you warm.
                  | (AC +3, rC+) [Felid growth]
 19667 | D:12     | Reached XP level 12. HP: 25/54 MP: 22/22
 21010 | D:13     | Noticed Kirke
 21046 | D:13     | Noticed a sphinx
 21783 | D:13     | Noticed a two-headed ogre
 21808 | D:13     | Killed a two-headed ogre
 21924 | D:13     | Noticed an ogre mage
 21925 | D:13     | Noticed a two-headed ogre
 21948 | D:13     | Killed an ogre mage
 21955 | D:13     | Killed a two-headed ogre
 22096 | D:13     | Found a gate to the Vaults.
 22122 | D:13     | Noticed Sonja
 22127 | D:13     | Killed Sonja
 22198 | D:13     | Found a snail-covered altar of Cheibriados.
 22198 | D:13     | Found Cheibriados's Comfort Zone.
 22297 | D:14     | Reached skill level 10 in Hexes
 22303 | D:14     | Learned a level 4 spell: Passage of Golubria
 22871 | Lair:1   | Entered Level 1 of the Lair of Beasts
 24215 | Lair:2   | Reached XP level 13. HP: 51/58 MP: 7/25
 24782 | Lair:2   | Found a staircase to the Snake Pit.
 24911 | Lair:2   | Reached skill level 5 in Translocations
 25190 | Lair:3   | Reached skill level 5 in Stealth
 25482 | Lair:3   | Reached skill level 5 in Necromancy
 26046 | Lair:4   | Found a staircase to the Shoals.
 26337 | Lair:4   | You fall into a shaft and drop 1 floor!
 26463 | Lair:5   | Gained mutation: You are resistant to hostile enchantments.
                  | (MR+) [potion of mutation]
 26463 | Lair:5   | Gained mutation: You occasionally shout uncontrollably at
                  | your foes. [potion of mutation]
 26463 | Lair:5   | Gained mutation: You have a pair of small horns on your
                  | head. [potion of mutation]
 26463 | Lair:5   | Gained mutation: You passively map a small area around you.
                  | [potion of mutation]
 26754 | Lair:5   | Found a viscous altar of Jiyva.
 27593 | Lair:4   | Learned a level 3 spell: Ozocubu's Armour
 28258 | Lair:5   | Found a staircase to the Slime Pits.
 28391 | Lair:6   | Entered Level 6 of the Lair of Beasts
 28618 | Lair:6   | Found a frozen archway.
 28984 | Orc:1    | Entered Level 1 of the Orcish Mines
 29000 | Orc:1    | Noticed Nergalle
 29023 | Orc:1    | Killed Nergalle
 29433 | Orc:1    | Reached ****** piety under Fedhas
 29435 | Orc:1    | Noticed an ettin
 29599 | Orc:1    | Killed an ettin
 29844 | Orc:1    | Lost mutation: You have a pair of small horns on your head.
                  | [potion of mutation]
 29844 | Orc:1    | Lost mutation: You occasionally shout uncontrollably at
                  | your foes. [potion of mutation]
 29844 | Orc:1    | Lost mutation: You are resistant to hostile enchantments.
                  | (MR+) [potion of mutation]
 29844 | Orc:1    | Lost mutation: You passively map a small area around you.
                  | [potion of mutation]
 29844 | Orc:1    | Gained mutation: You occasionally shout uncontrollably at
                  | your foes. [potion of mutation]
 29844 | Orc:1    | Gained mutation: You are somewhat resistant to further
                  | mutation. [potion of mutation]
 29847 | Orc:2    | Entered Level 2 of the Orcish Mines
 30211 | Orc:2    | Killed from afar by an orc sorcerer
 30212 | Orc:2    | Reached XP level 12. HP: -7/56 MP: 10/25
 30369 | Orc:2    | Noticed a two-headed ogre
 30370 | Orc:2    | Noticed a two-headed ogre
 30372 | Orc:2    | Noticed a two-headed ogre
 30373 | Orc:2    | Noticed a two-headed ogre
 30393 | Orc:2    | Killed a two-headed ogre
 30395 | Orc:2    | Killed a two-headed ogre
 30395 | Orc:2    | Reached XP level 13. HP: 50/59 MP: 3/26
 32189 | Orc:2    | Found Luekkeid's Assorted Antiques.
 32189 | Orc:2    | Found Ixuemp's General Store.
 32190 | Orc:2    | Found Cohotu's Magic Scroll Shoppe.
 32190 | Orc:2    | Found Oggetewk's Gadget Shop.
 32550 | Orc:2    | Bought a scroll of magic mapping for 38 gold pieces
 32552 | Orc:2    | Bought a scroll of blinking for 105 gold pieces
 32765 | Orc:2    | Found a staircase to the Elven Halls.
 32949 | Orc:2    | Learned a level 4 spell: Fulminant Prism
 33146 | Lair:6   | HP: 3/60 [eight-headed hydra (11)]
 33146 | Lair:6   | Slain by an eight-headed hydra
 33147 | Lair:6   | Reached XP level 12. HP: 0/57 MP: 26/26
 33157 | Lair:6   | Reached skill level 1 in Conjurations
 33239 | Lair:6   | Killed an eight-headed hydra
 33370 | Lair:6   | Reached XP level 13. HP: 16/60 MP: 17/27
 33782 | Lair:6   | Reached skill level 10 in Invocations
 33845 | Lair:5   | HP: 3/60 [poisoned by a redback]
 34944 | Lair:6   | Paralysed by a hornet for 3 turns
 35120 | Lair:6   | Reached skill level 5 in Evocations
 37588 | D:15     | Entered Level 15 of the Dungeon
 37604 | D:15     | Reached skill level 5 in Conjurations
 37612 | D:15     | Reached skill level 10 in Fighting
 37612 | D:15     | Reached XP level 14. HP: 64/66 MP: 2/28
 38015 | D:15     | Found an ancient bone altar of Kikubaaqudgha.
 38187 | D:15     | Reached skill level 10 in Spellcasting
 38886 | D:15     | Found a staircase to the Depths.
 39300 | Snake:1  | Entered Level 1 of the Snake Pit
 39787 | Snake:1  | Noticed Agnes
 39799 | Snake:1  | Mangled by Agnes
 39800 | Snake:1  | Reached XP level 13. HP: -7/61 MP: 0/28
 39801 | Snake:1  | Killed Agnes
 40476 | Snake:2  | Reached skill level 10 in Unarmed Combat
 40655 | Snake:2  | Found Diujon's Assorted Antiques.
 40663 | Snake:2  | Bought a runed malachite amulet for 195 gold pieces
 40803 | Snake:2  | Found Weab's Distillery.
 41087 | Snake:2  | Bought a potion of mutation for 128 gold pieces
 41087 | Snake:2  | Lost mutation: You are somewhat resistant to further
                  | mutation. [potion of mutation]
 41087 | Snake:2  | Lost mutation: You occasionally shout uncontrollably at
                  | your foes. [potion of mutation]
 41087 | Snake:2  | Gained mutation: You are occasionally teleported next to
                  | monsters. [potion of mutation]
 41087 | Snake:2  | Gained mutation: Your spells are a little harder to cast,
                  | but a little more powerful. [potion of mutation]
 41777 | Snake:2  | Found a gateway to a bazaar.
 41778 | Snake:2  | Found Iwedejey's Assorted Antiques.
 41784 | Bazaar   | Entered a bazaar
 41784 | Bazaar   | Found Kunyoc's Antique Armour Shoppe.
 41784 | Bazaar   | Found Basonin's Antique Weapon Shoppe.
 41802 | Bazaar   | Found Meusm's Jewellery Boutique.
 41822 | Bazaar   | Found Siweoc's Distillery.
 41833 | Bazaar   | Found Plog's General Store.
 41863 | Bazaar   | Bought the ring of Shadows {Umbra +Inv Stlth+} for 440 gold
                  | pieces
 41863 | Bazaar   | Found the ring of Shadows {Umbra +Inv Stlth+}
 41879 | Bazaar   | Bought a potion of brilliance for 36 gold pieces
 41879 | Bazaar   | Bought a potion of heal wounds for 45 gold pieces
 41879 | Bazaar   | Bought a potion of brilliance for 36 gold pieces
 41879 | Bazaar   | Bought a potion of curing for 27 gold pieces
 41879 | Bazaar   | Bought a potion of heal wounds for 45 gold pieces
 41879 | Bazaar   | Bought a potion of might for 36 gold pieces
 41879 | Bazaar   | Bought a potion of curing for 27 gold pieces
 41879 | Bazaar   | Bought a potion of brilliance for 36 gold pieces
 42096 | Snake:3  | Found Gyucohiz's Jewellery Emporium.
 42101 | Snake:3  | Noticed Donald
 42107 | Snake:3  | Killed Donald
 42111 | Snake:3  | Noticed Aizul
 42267 | Snake:3  | HP: 1/62 [naga warrior/+4 antimagic trident (9)]
 42577 | Snake:3  | Reached XP level 14. HP: 66/66 MP: 24/29
 43036 | Snake:3  | Noticed a nagaraja
 43148 | Shoals:1 | Entered Level 1 of the Shoals
 43538 | Shoals:1 | Lost mutation: You are occasionally teleported next to
                  | monsters. [potion of mutation]
 43538 | Shoals:1 | Lost mutation: Your spells are a little harder to cast, but
                  | a little more powerful. [potion of mutation]
 43538 | Shoals:1 | Gained mutation: Your skin changes colour to match your
                  | surroundings (Stealth+). [potion of mutation]
 43538 | Shoals:1 | Gained mutation: Your spells are a little easier to cast,
                  | but a little less powerful. [potion of mutation]
 43538 | Shoals:1 | Gained mutation: You passively map a small area around you.
                  | [potion of mutation]
 44150 | Shoals:1 | HP: 3/66 [poisoned by a sea snake]
 44150 | Shoals:1 | HP: 1/66 [wind drake/the air (2)]
 44151 | Shoals:1 | Succumbed to a sea snake's poison

Levels and vault maps discovered:
D:1:      dpeg_arrival_water_fire, layout_loops_ring
D:2:      layout_basic, lemuel_coloured_pillars_altar, lemuel_crystal_altar,
          chequers_ecumenical_altar_simple_redux
D:3:      layout_basic, first_ration, uniq_natasha
D:4:      layout_cave_pools, fedhas_altar_fruit_tree, kennysheep_small_square
D:5:      layout_basic, minmay_temple_entry_statues_pillars, uniq_duvessa,
          uniq_prince_ribbit1
D:6:      kennysheep_six_static_rooms, layout_rooms,
          minmay_hollow_rounded_squares
D:7:      layout_rooms, led_sif_book, st_stairs_7
D:8:      statuecave_lemuel, layout_rooms, the_bakery, minmay_bent, uniq_grum,
          uniq_erica, uniq_maurice
D:9:      layout_basic, makhleb_altar_promises_db,
          nicolae_qazlal_general_emergency, zombieorc1_lemuel, basic_altar
D:10:     layout_irregular_city, lair_entry_dummy, kennysheep_nondescript
D:11:     layout_stronghold, uniq_psyche
D:12:     kennysheep_ambush_hall, layout_gridville
D:13:     layout_roguey, david_vaults_2, minmay_shop_chei, uniq_sonja,
          uniq_josephine, uniq_kirke
D:14:     layout_roguey, nrook_mini_vaults
D:15:     hangedman_depths_entry_try_elsewhere_first, layout_gridville,
          serial_glass, glass_columns_b, glass_columns_c, glass_columns_a,
          glass_columns_a, item_on_display_a, due_unseen_surprise,
          feat_on_display, feat_on_display, lemuel_mausoleum_altar_kikubaaqudgha
Lair:1:   minmay_lair_venomous_thicket, layout_regular_city, lemuel_fruit_fields
Lair:2:   layout_roguey, minmay_snake_entry_guardpost_small,
          serial_bayou_crossing, minmay_lair_oklob_chamber, grunt_megastairs_5
Lair:3:   layout_regular_city
Lair:4:   layout_concentric_octagons, shoals_dummy_entry
Lair:5:   layout_roguey, dpeg_slime_entry_enclosed_altar,
          infiniplex_staircase_pool
Lair:6:   hangedman_lair_tendril_chambers, layout_loops_ring,
          portal_ice_cave_entry_ice_beasts, grunt_forest_large_clearing_hut
Shoals:1: layout_shoals
Snake:1:  layout_rooms, eino_curves_02, uniq_agnes
Snake:2:  layout_basic, serial_shops, bzr_entry_gold, nicolae_shop_waterfront,
          shop, nicolae_shop_overgrown_old_shop
Snake:3:  layout_gridlike, serial_shops, shop, grunt_ministairs_1, uniq_donald,
          uniq_aizul
Orc:1:    layout_caves, nicolae_orc_tapped_out, uniq_nergalle
Orc:2:    st_orc_ogre_mass, layout_caves

Skill      XL: |  1  2  3  4  5  6  7  8  9 10 11 12 13 14 |
---------------+-------------------------------------------+-----
Dodging        | 3 4 5 7 9 |  9.2
Unarmed Combat | 1 2 3 4 5 6 7 8 10 | 10.4
Poison Magic   | 3 4 6 8 |  8.0
Stealth        | 3 4 9 |  9.0
Fighting       | 1 2 3 4 5 6 7 10 | 10.6
Air Magic      | 1 2 3 4 |  4.3
Spellcasting   | 3 4 5 6 7 9 10 | 10.0
Translocations | 1 4 6 |  6.0
Evocations     | 1 2 4 6 |  6.0
Charms         | 2 3 5 6 7 |  7.2
Invocations    | 2 6 7 8 11 | 11.2
Necromancy     | 1 3 4 5 |  5.0
Hexes          | 3 9 10 11 | 11.2
Ice Magic      | 2 3 4 |  4.0
Conjurations   | 3 6 |  6.3

Action                   |  1- 3 |  4- 6 |  7- 9 | 10-12 | 13-15 || total
-------------------------+-------+-------+-------+-------+-------++-------
Melee: Unarmed           |   116 |    98 |   253 |   582 |   480 ||  1529
       Bite              |    11 |     7 |    33 |    61 |    58 ||   170
       Punch             |       |     2 |     5 |    30 |    28 ||    65
       Headbutt          |       |       |       |       |    14 ||    14
 Cast: Sting             |     6 |       |     2 |       |       ||     8
       Poisonous Vapours |     7 |    47 |   134 |   314 |   327 ||   829
       Olgreb's Toxic Ra |       |       |     3 |    52 |   142 ||   197
       Shroud of Golubri |       |       |     2 |    16 |    10 ||    28
       Blink             |       |       |       |     1 |     1 ||     2
       Confuse           |       |       |       |    44 |    74 ||   118
       Ensorcelled Hiber |       |       |       |     3 |    57 ||    60
       Regeneration      |       |       |       |     5 |    23 ||    28
       Fulminant Prism   |       |       |       |       |    53 ||    53
       Ozocubu's Armour  |       |       |       |       |     3 ||     3
Invok: Grow Ballistomyce |       |       |       |     7 |     5 ||    12
Evoke: Wand              |       |       |    11 |     2 |     7 ||    20
  Use: Potion            |       |     1 |    11 |     3 |    11 ||    26
       Scroll            |       |       |     2 |    10 |    21 ||    33
 Stab: Sleeping          |     9 |     6 |     8 |     7 |    56 ||    86
       Distracted        |       |       |     1 |     2 |     1 ||     4
       Confused          |       |       |       |    35 |    52 ||    87
  Eat: Chunk             |    11 |     7 |    17 |    43 |    65 ||   143
Armor: Skin              |     5 |     4 |    27 |    37 |    49 ||   122
Dodge: Dodged            |   105 |    77 |   214 |   544 |   600 ||  1540
